cohdb
Replays
Latest Replays
All Replays
Popular Replays
Top Player Replays
Match Explorer
How It Works
Community
CoH3 Stats
Reddit
Sign in to upload your games and track your stats! →
Sign in with Steam
Match 45060514
Unlisted
Match 45060514
Overview
Messages
Build Orders
End
Panzergrenadier Squad
Panzergrenadier Squad
Selects Panzerjäger Kommand Battlegroup
Selects Mine Fields
Panzergrenadier Squad
Construct Light Support Kompanie
MG34 Team
Fire Support Elements
Flakvierling Half-track
Vehicle Survival Package
2.5-tonne Medical Truck
Veteran Squad Leaders
Construct Panzerarmee Kommand
WilllTHENOOBz
你的血.....呵呵
FLOKL
mooncat_black
波菜
FORTIS_FRTUNA
Scout
JT
0
0
Comments
sign in to comment!
No comments posted yet!